 Dungeon Crawl Stone Soup version 0.28.0-53-g5a82cb258f (webtiles) character file.

Game seed: 3160243423135941198

1497 bnorton916 the Thaumaturge (level 8, -2/41 HPs)
             Began as a Deep Elf Fire Elementalist on May 31, 2022.
             Was an Initiate of Gozag.
             Slain by an orc warrior
             ... wielding a +0 glaive
              (17 damage)
             ... on level 6 of the Dungeon.
             The game lasted 00:09:55 (8924 turns).

bnorton916 the Thaumaturge (DEFE)                   Turns: 8924, Time: 00:09:55

Health: -2/41      AC:  6    Str: 11    XL:     8   Next: 51%
Magic:  16/22      EV: 13    Int: 23    God:    Gozag
Gold:   421        SH:  0    Dex: 21    Spells: 21/24 levels left

rFire   . . .      SeeInvis .   d - +0 short sword (chaos)
rCold   . . .      Faith    .   (no shield)
rNeg    . . .      Spirit   .   a - +1 robe
rPois   +          Reflect  .   (no helmet)
rElec   .          Harm     .   n - +2 cloak "Tugarofa" {*Corrode rPois Str+6}
rCorr   .          Rampage  .   (no gloves)
Will    .....                   (no boots)
Stlth   ++........              (no amulet)
HPRegen 0.13/turn               A - +6 ring of dexterity
MPRegen 0.18/turn               (no ring)

@: gold aura
A: no striking features
a: Renounce Religion, Potion Petition, Call Merchant, Bribe Branch


You were on level 6 of the Dungeon.
You worshipped Gozag.
Gozag was aware of your devotion.
You visited 1 branch of the dungeon, and saw 6 of its levels.
You also visited: Sewer.

You collected 578 gold pieces.
You spent 115 gold pieces at shops.
You paid 42 gold pieces to Gozag.

Inventory:

Hand Weapons
 d - a +0 short sword of chaos (weapon)
Missiles
 c - 116 stones
 r - 2 throwing nets
 x - 4 poisoned darts
Armour
 a - a +1 robe (worn)
 n - the +2 cloak "Tugarofa" (worn) {*Corrode rPois Str+6}
   (You found it in a sewer)

   Str:       It affects your strength (+6).
   rPois:     It protects you from poison.
   *Corrode:  It may corrode you when you take damage.
 o - a scarf of shadows
Jewellery
 A - a +6 ring of dexterity (left hand)
Wands
 q - a wand of charming (6)
 B - a wand of acid (10)
Scrolls
 j - a scroll of enchant armour
 k - 5 scrolls of fog
 p - 2 scrolls of vulnerability {unknown}
 t - a scroll of holy word
 u - 2 scrolls of teleportation
 v - a scroll of magic mapping
 w - a scroll of acquirement {unknown}
 y - a scroll of fear
Potions
 b - a potion of curing
 e - a potion of flight
 f - 2 potions of heal wounds
 g - a potion of mutation
 h - a potion of cancellation {unknown}
 i - 2 potions of might
 l - a potion of invisibility
 m - a potion of haste {unknown}
 s - a potion of berserk rage {unknown}
 z - 2 potions of brilliance {unknown}


   Skills:
 - Level 2.4 Dodging
 - Level 2.4 Stealth
 + Level 8.6 Spellcasting
 + Level 6.7 Conjurations
 + Level 7.5 Fire Magic


You had 21 spell levels left.
You knew the following spells:

 Your Spells              Type           Power      Damage    Failure   Level
a - Foxfire               Conj/Fire      100%       2x1d9     1%          1
b - Scorch                Fire           88%        2d9       1%          2

Your spell library contained the following spells:

 Spells                   Type           Power      Damage    Failure   Level
 Conjure Flame            Conj/Fire      42%        6-21      1%          3
 Flame Wave               Conj/Fire      42%        2d9       3%          4
 Inner Flame              Hex/Fire       27%        N/A       4%          3


Dungeon Overview and Level Annotations

Branches:
Dungeon (6/15)              Sewer (visited)
 Temple: D:4-7

Altars:
Dithmenos
Gozag
Ru

Shops:
D:3 ?   D:4 (


Message History

You hit something. Something hits you.
You barely miss something. Something hits you.
Casting: Foxfire (safe; 1% risk of failure)
Confirm with . or Enter, or press ? or * to list all spells.
You conjure some foxfire!
Something barely misses you.
An orc warrior comes into view. It is wielding a +0 glaive.
The orc barely misses you. The orc closely misses your foxfire.
The foxfire hits the orc!
The orc is almost dead.
The foxfire hits the orc!
You kill the orc!
You hear some strange, mumbled words.
Something tries to affect you, but you resist.
Casting: Foxfire (safe; 1% risk of failure)
Confirm with . or Enter, or press ? or * to list all spells.
You conjure some foxfire!
Something hits you but does no damage.
The foxfire hits something!
The foxfire hits something.
You hear some strange, mumbled words.
A magic dart appears from out of thin air!
The magic dart hits you.
Casting: Foxfire (safe; 1% risk of failure)
Confirm with . or Enter, or press ? or * to list all spells.
You conjure some foxfire!
You hear some strange, mumbled words.
Something tries to affect you, but you resist.
The orc warrior completely misses you.
The foxfire hits the orc warrior but does no damage.
The foxfire hits something.
Reactivating autopickup.
You feel a bit more experienced.
The orc warrior hits you from afar with a +0 glaive.
Casting: Foxfire (safe; 1% risk of failure)
Confirm with . or Enter, or press ? or * to list all spells.
Flames lash the orc warrior.
The orc warrior is lightly wounded.
The orc warrior's fire resistance burns away.
The orc warrior hits you from afar with a +0 glaive!
The orc warrior hits you from afar with a +0 glaive!
You die...
Your body crumbles into a pile of gold.

.. .... #.......# ≈≈.
... ####.##.# ≈≈≈. ..
#.##.# ≈≈≈.# #.#
#.##.# ≈≈..####$#
#.##.# .....$.#
#.##.# #.$o.# ..##.#
#....# ####.# #..@.#
#.# #....# #.#
#....###########.#
###....#...........#
....................#
####....#.#<###.#.#.#
####.#.# # #.#.#.#
#.#.# #.#.#.# #.#.#
#.#.#.#


You could see an orc warrior (combustible).

Vanquished Creatures
  Sigmund (D:2)
  A sky beast (D:5)
  A black bear (D:2)
  2 phantoms
  3 scorpions (D:5)
  2 orc priests
  3 hounds
  4 jellies (Sewer)
  A bullfrog skeleton (D:5)
  A gnoll shaman (D:4)
  3 iguanas
  Terence (D:2)
  5 orc wizards
  5 gnolls (D:4)
  A howler monkey skeleton (D:4)
  10 adders
  A shadow imp (D:6)
  4 worms
  A dart slug (D:2)
  13 orcs
  14 ball pythons
  7 bats
  14 endoplasms
  5 giant cockroaches
  3 goblins
  5 hobgoblins
  4 jackals (D:3)
  4 quokkas
  8 frilled lizards
  8 kobolds
  11 rats
146 creatures vanquished.

Vanquished Creatures (others)
  572 foxfires
572 creatures vanquished.

Grand Total: 718 creatures vanquished

Notes
Turn   | Place    | Note
-------+----------+-------------------------------------------
     0 | D:1      | bnorton916 the Deep Elf Fire Elementalist began the quest
                  | for the Orb.
     0 | D:1      | Reached XP level 1. HP: 10/10 MP: 6/6
     8 | D:1      | Found a faded altar of an unknown god.
   384 | D:1      | Reached XP level 2. HP: 15/15 MP: 4/8
  1319 | D:1      | Reached XP level 3. HP: 19/19 MP: 8/10
  1995 | D:2      | Noticed a black bear
  2008 | D:1      | Learned a level 2 spell: Scorch
  2055 | D:2      | Reached skill level 4 in Spellcasting
  2259 | D:2      | Reached XP level 4. HP: 24/24 MP: 8/12
  2632 | D:2      | Noticed Sigmund
  2656 | D:2      | Killed Sigmund
  2657 | D:2      | Reached skill level 5 in Spellcasting
  2657 | D:2      | Reached XP level 5. HP: 28/28 MP: 6/14
  2866 | D:2      | Noticed Terence
  2874 | D:2      | Killed Terence
  2875 | D:2      | Reached skill level 5 in Fire Magic
  3149 | D:2      | Killed a black bear
  3150 | D:2      | Reached XP level 6. HP: 9/32 MP: 7/16
  4273 | D:3      | Found a shadowy altar of Dithmenos.
  4318 | D:3      | Found Jiptinow's Magic Scroll Shoppe.
  4755 | D:4      | Reached skill level 6 in Spellcasting
  4893 | D:4      | Reached XP level 7. HP: 10/36 MP: 11/18
  5169 | D:4      | Found an opulent altar of Gozag.
  5175 | D:4      | Became a worshipper of Gozag Ym Sagoz the Greedy
  5263 | D:4      | Found a glowing drain.
  5293 | Sewer    | Entered a sewer
  5834 | Sewer    | Reached skill level 5 in Conjurations
  5863 | Sewer    | Reached skill level 7 in Spellcasting
  6093 | Sewer    | Found a viscous altar of Jiyva.
  6197 | Sewer    | Identified the +2 cloak "Tugarofa" {*Corrode rPois Str+6}
  6294 | D:4      | Found Meoraimuh's Antique Weapon Shop.
  6406 | D:4      | Found a sacrificial altar of Ru.
  7145 | D:3      | Bought a scroll of teleportation for 30 gold pieces
  7145 | D:3      | Bought a scroll of magic mapping for 35 gold pieces
  7145 | D:3      | Bought a scroll of identify for 20 gold pieces
  7145 | D:3      | Bought a scroll of teleportation for 30 gold pieces
  7186 | D:5      | Entered Level 5 of the Dungeon
  7519 | D:5      | Reached XP level 8. HP: 41/41 MP: 17/21
  8147 | D:5      | Reached skill level 8 in Spellcasting
  8924 | D:6      | Slain by an orc warrior

Illustrated notes

Levels and vault maps discovered:
D:1:      dpeg_arrival_tiny_a, layout_loops_corners,
          ebering_ecumenical_altar_sacrificial
D:2:      layout_loops_ring, kennysheep_cross_bottleneck, uniq_sigmund,
          uniq_terence
D:3:      layout_loops_ring, grunt_dithmenos_smoke, serial_shops, shop_statue
D:4:      layout_basic, lemuel_doored_altar, grunt_gozag_statues,
          cheibrodos_sewer_entry_bend, serial_shops, nicolae_shop_crystal,
          minmay_misc_feat_cross, palyth_stone_intersect,
          kennysheep_another_room, minmay_bisected
D:5:      cheibrodos_quashed, layout_loops_cross
D:6:      layout_basic, temple_pool_b

Skill      XL: |  1  2  3  4  5  6  7  8 |
---------------+-------------------------+-----
Conjurations   | 2 3 4 5 6 |  6.7
Spellcasting   | 4 5 6 7 8 |  8.6
Fire Magic     | 4 5 6 7 |  7.5
Dodging        | |  2.4
Stealth        | |  2.4

Action                   |  1- 3 |  4- 6 |  7- 9 || total
-------------------------+-------+-------+-------++-------
Melee: Short sword       |       |     1 |     3 ||     4
 Cast: Foxfire           |   115 |    85 |   138 ||   338
       Scorch            |     1 |    14 |    17 ||    32
  Use: Scroll            |       |    10 |     4 ||    14
Armor: Robe              |     1 |     1 |     9 ||    11
Dodge: Dodged            |     8 |    13 |    15 ||    36
